 Dungeon Crawl Stone Soup version 0.16-a0-148-g3b84123 (webtiles) character file.

107 Sachiko the Skirmisher (level 4, -1/44 HPs)
             Began as a Naga Warper on Aug 15, 2014.
             Slain by an adder (4 damage)
             ... on Level 3 of the Dungeon.
             The game lasted 00:13:16 (2190 turns).

Sachiko the Skirmisher (Naga Warper)                Turns: 2190, Time: 00:13:16

HP  -1/44        AC  2     Str 15      XL: 4   Next: 85%
MP   1/7         EV  9     Int 13      God:
Gold 99          SH  0     Dex 10      Spells:  2 memorised,  4 levels left

rFire  . . .     SeeInvis +     a - +0 falchion
rCold  . . .     Clarity  .     b - +0 leather armour
rNeg   . . .     rCorr    .     (no shield)
rPois  +         rRot     .     (no helmet)
rElec  .         Spirit   .     (no cloak)
SustAb .         Warding  .     (no gloves)
rMut   .         Stasis   .     (no barding)
Gourm  .                        (no amulet)
MR     .....                    (no ring)
                                k - ring of regeneration

@: very slightly contaminated, very slow, not resistant to hostile enchantments,
very unstealthy
A: spit poison, see invisible, deformed body, poison resistance, slowness 2, AC
+1
a: Spit Poison


You were on level 3 of the Dungeon.
You were very hungry.

You visited 1 branch of the dungeon, and saw 4 of its levels.

You collected 99 gold pieces.

Inventory:

Hand weapons
 a - a +0 falchion (weapon)
Armour
 b - a +0 leather armour (worn)
Comestibles
 f - 4 bread rations
 g - a meat ration
 h - a rotting chunk of worm flesh
Jewellery
 k - a ring of regeneration (left hand)
Books
 c - a book of Spatial Translocations

   Spells                             Type                      Level
   *Apportation                       Translocation                1
   *Blink                             Translocation                2
   Shroud of Golubria                 Charms/Translocation         2
   Portal Projectile                  Translocation                3
   Teleport Other                     Translocation                3
   Passage of Golubria                Translocation                4


   Skills:
 + Level 3.7 Fighting
 + Level 3.3 Long Blades
 - Level 0.8 Throwing
 - Level 0.7 Armour
 - Level 1.6 Dodging
 - Level 2.0 Spellcasting
 - Level 3.2 Translocations


You had 4 spell levels left.
You knew the following spells:

 Your Spells              Type           Power        Failure   Level  Hunger
a - Apportation           Tloc           #.........   10%         1    ##.....
b - Blink                 Tloc           N/A          12%         2    ###....


Dungeon Overview and Level Annotations

Branches:
Dungeon (4/15)
 Temple: D:4-7

Altars:
Fedhas
Gozag
Makhleb
Nemelex Xobeh
Okawaru
Qazlal
Trog
Xom

Annotations:
D:3 aves' ghost, average GrSk


Innate Abilities, Weirdness & Mutations

You cannot wear boots.
You can spit poison.
Your serpentine skin is tough (AC +1).
You have supernaturally acute eyesight.
Armour fits poorly on your strangely shaped body.
Your system is resistant to poisons.
You cover ground very slowly.


Message History

Confirm with . or Enter, or press ? or * to list all spells.
You don't have enough magic to cast that spell.
Drink which item? (? for menu, Esc to quit)
You feel better. The orc barely misses you. The adder bites you.
You closely miss the adder.
The adder is lightly wounded.
The adder bites you but does no damage. The orc hits you.
* * * LOW HITPOINT WARNING * * *
The adder bites you but does no damage. The orc hits you.
* * * LOW HITPOINT WARNING * * *
You closely miss the adder.
The adder is lightly wounded.
The adder bites you.
* * * LOW HITPOINT WARNING * * *
The orc hits you.
* * * LOW HITPOINT WARNING * * *
You hit the adder.
The adder is moderately wounded.
The adder bites you.
You die...

#.# .#.>.
.... ....
..# ..# #.
#.#
#..$##.#####
#...o@S...#
#.###.#####
..# #.## #.
#. ## #. #.
#. ## $


You could see an adder and an orc.

Vanquished Creatures
  A gnoll (D:1)
  An adder (D:2)
  3 worms (D:2)
  A giant gecko (D:1)
  An ooze (D:2)
  6 bats
  12 hobgoblins
  11 jackals
  6 kobolds
  4 giant cockroaches
  4 giant newts
  6 goblins
  A quokka (D:2)
  6 rats
63 creatures vanquished.

Notes
Turn   | Place    | Note
--------------------------------------------------------------
     0 | D:1      | Sachiko, the Naga Warper, began the quest for the Orb.
     0 | D:1      | Reached XP level 1. HP: 19/19 MP: 3/3
   149 | D:1      | Reached XP level 2. HP: 6/26 MP: 4/4
   927 | D:1      | Reached XP level 3. HP: 24/33 MP: 6/6
  1234 | D:1      | Found a sparkling altar of Nemelex Xobeh.
  1321 | D:2      | Found a stormy altar of Qazlal.
  1323 | D:2      | Found a blossoming altar of Fedhas.
  1373 | D:2      | Reached XP level 4. HP: 28/42 MP: 7/7
  1377 | D:2      | Learned a level 2 spell: Blink
  1508 | D:2      | Found a shimmering altar of Xom.
  1513 | D:2      | Found a burning altar of Makhleb.
  1660 | D:2      | Found an opulent altar of Gozag.
  1665 | D:2      | Found an iron altar of Okawaru.
  1668 | D:2      | Found a bloodstained altar of Trog.
  2132 | D:3      | Noticed aves' ghost (average GrSk)
  2190 | D:3      | Slain by an adder

Action                   |  1- 3 |  4- 6 || total
-------------------------+-------+-------++-------
Melee: Falchion          |    87 |    87 ||   174
Throw: Tomahawk          |     5 |       ||     5
 Cast: Blink             |       |     5 ||     5
 Abil: Spit Poison       |    13 |    16 ||    29
  Use: Scroll            |     2 |     1 ||     3
       Potion            |       |     3 ||     3
  Eat: Chunk             |     2 |     4 ||     6
